 Dungeon Crawl Stone Soup version 0.24-a0-417-g1cce26a4d2 (webtiles) character file.

Game seed: 10081691989470999795

558 ohad the Insei (level 7, -3/46 HPs)
             Began as an Octopode Transmuter on June 10, 2019.
             Slain by Sigmund
             ... wielding a +0 scythe
              (14 damage)
             ... on level 4 of the Dungeon.
             The game lasted 00:08:21 (4807 turns).

ohad the Insei (Octopode Transmuter)                Turns: 4807, Time: 00:08:22

Health: -3/46      AC:  1    Str: 10    XL:     7   Next: 31%
Magic:  8/10       EV: 15    Int: 17    God:
Gold:   222        SH:  0    Dex: 12    Spells: 4/10 levels left

rFire    . . .     SeeInvis .   q - +2 dagger (venom)
rCold    . . .     Gourm    .   (no shield)
rNeg     . . .     Faith    .   (helmet restricted)
rPois    .         Spirit   .   (no amulet)
rElec    .         Reflect  .   e - ring of flight
rCorr    .         Harm     .   (no ring)
MR       .....                  (no ring)
Stlth    ++........             (no ring)
HPRegen  0.15/turn              (no ring)
MPRegen  0.12/turn              (no ring)
                                (no ring)
                                (no ring)

@: confused
A: almost no armour, stealthy swim, amphibious, 8 rings, constrict 8, camouflage
1, gelatinous body 1
a: Evoke Flight


You were on level 4 of the Dungeon.
You were not hungry.

You visited 1 branch of the dungeon, and saw 6 of its levels.

You collected 222 gold pieces.

Inventory:

Hand Weapons
 p - a +2 dagger of draining
 q - a +2 dagger of venom (weapon)
 s - a +1 hand crossbow of velocity
Missiles
 a - 32 arrows
 j - 13 poisoned darts (quivered)
 l - a throwing net
 r - 3 boomerangs
 v - 76 bolts
Jewellery
 e - a ring of flight (left tentacle)
Wands
 t - a wand of scattershot (4)
Scrolls
 d - 4 scrolls of amnesia {unknown}
 f - a scroll of remove curse {unknown}
 h - 3 scrolls of identify {unknown}
 k - a scroll of magic mapping {unknown}
 m - a scroll of noise {unknown}
 o - 2 scrolls of fear {unknown}
 w - a scroll of fog {unknown}
 y - a scroll of teleportation {unknown}
Potions
 b - 3 potions of curing {unknown}
 g - 2 potions of mutation {unknown}
 i - a potion of resistance
 n - a potion of degeneration {unknown}
 u - 2 potions of magic {unknown}
 x - a potion of might {unknown}
Comestibles
 c - 7 rations
 z - 2 chunks of flesh


   Skills:
 - Level 3.2 Fighting
 - Level 4.7 Dodging
 - Level 6.0 Unarmed Combat
 + Level 2.0 Spellcasting
 * Level 2.0 Transmutations


You had 4 spell levels left.
You knew the following spells:

 Your Spells              Type           Power        Failure   Level  Hunger
a - Beastly Appendage     Tmut           #.....       9%          1    #......
b - Sticks to Snakes      Tmut           #.......     13%         2    ###....
c - Spider Form           Tmut/Pois      #.........   36%         3    ###....

Your spell library contained the following spells:

 Spells                   Type           Power        Failure   Level  Hunger
 Ice Form                 Ice/Tmut       #.......     77%         4    #####..
 Blade Hands              Tmut           #.........   93%         5    ######.


Dungeon Overview and Level Annotations

Branches:
Dungeon (6/15)
 Temple: D:4-7

Altars:
Xom

Annotations:
D:4 2 transporters, Amnesiac's ghost, novice OpTm; Sigmund


Innate Abilities, Weirdness & Mutations

You cannot wear most types of armour.
You are very stealthy in the water. (Stealth+)
You are amphibious.
You can wear up to eight rings at the same time.
You can use your tentacles to constrict eight enemies at once.
Your skin changes colour to match your surroundings (Stealth+).
Your rubbery body absorbs attacks. (AC +1, EV +1)


Message History

You closely miss something. You hit something but do no damage.
Your transformation is almost over.
Something completely misses you.
You hit something. Something hits you!
You barely miss something. You barely miss something. Something hits you!
You closely miss something. You bite something! Something barely misses you.
You miss something. Something hits you!
* * * LOW HITPOINT WARNING * * *
Unknown command.
Your transformation has ended.
Your +2 dagger of venom unmelds from your body.
Your +2 dagger of venom begins to drip with poison!
You hear some strange, mumbled words.
You are confused.
You're too confused to move!
Something hits you!
You die...

#..#. #..÷. #######
#####......#
#.#######...#.#..#.#
#...........#..##..#
[...##......#..##..# #
####.###.##.#.%#.#
#@.......# ©....$#
#.##.##..# .#..#?#
#.##.##.###..##..#
#.##......#..##..#
#.##......#.#..#O#
#......##..#.###.....O#
#.....$##....##########
#......##..#..<........
#.....###..####........


There were no monsters in sight!

Vanquished Creatures
  An ogre (D:6)
  A crimson imp (D:6)
  4 orc wizards
  A bullfrog skeleton (D:4)
  Natasha (D:4)
  9 gnolls
  5 adders
  An ooze (D:2)
  An adder skeleton (D:4)
  An adder zombie (D:5)
  4 worms
  2 dart slugs (D:2)
  3 leopard geckos
  16 orcs
  7 bats
  4 giant cockroaches
  4 goblins (D:1)
  8 hobgoblins
  17 jackals
  2 quokkas
  3 frilled lizards
  5 kobolds
  6 rats
106 creatures vanquished.

Notes
Turn   | Place    | Note
-------+----------+-------------------------------------------
     0 | D:1      | ohad the Octopode Transmuter began the quest for the Orb.
     0 | D:1      | Reached XP level 1. HP: 13/13 MP: 3/3
   105 | D:1      | Reached XP level 2. HP: 18/18 MP: 3/5
   412 | D:1      | Found a shimmering altar of Xom.
   440 | D:1      | Reached skill level 4 in Unarmed Combat
   842 | D:1      | Reached XP level 3. HP: 23/23 MP: 4/6
  1886 | D:1      | Learned a level 2 spell: Sticks to Snakes
  1890 | D:1      | Learned a level 3 spell: Spider Form
  1922 | D:1      | Reached XP level 4. HP: 20/28 MP: 3/7
  2013 | D:2      | Reached skill level 5 in Unarmed Combat
  2497 | D:2      | Reached XP level 5. HP: 26/33 MP: 8/8
  3030 | D:3      | Reached skill level 6 in Unarmed Combat
  3160 | D:3      | Reached XP level 6. HP: 23/38 MP: 6/9
  3920 | D:4      | Found a transporter.
  3921 | D:4      | Found a transporter.
  4146 | D:4      | You fall into a shaft and drop 2 floors!
  4464 | D:6      | Reached XP level 7. HP: 45/45 MP: 4/10
  4517 | D:5      | Entered Level 5 of the Dungeon
  4603 | D:4      | Noticed Amnesiac's ghost (novice OpTm)
  4637 | D:4      | Identified the +8 dire flail of the Unliving {vamp, *Contam
                  | rC++ Dex+5}
  4661 | D:4      | Noticed Natasha
  4665 | D:4      | Killed Natasha
  4790 | D:4      | Noticed Sigmund
  4807 | D:4      | Slain by Sigmund

Levels and vault maps discovered:
D:1:      dpeg_arrival_fog, layout_basic, xom_teletrap_fun
D:2:      layout_rooms
D:3:      layout_loops_ring
D:4:      layout_loops_cross, gammafunk_ghost_smash, grunt_decor_one_mirror,
          okawaru_gym_becter, uniq_sigmund, uniq_natasha
D:5:      layout_basic, old_standard_altar, ebering_ghost_sewer_f, first_ration,
          uniq_prince_ribbit1, uniq_pikel
D:6:      layout_basic, uniq_eustachio

Skill      XL: |  1  2  3  4  5  6  7 |
---------------+----------------------+-----
Unarmed Combat | 4 5 6 |  6.0
Dodging        | 4 |  4.7
Fighting       | 2 3 |  3.2
Spellcasting   | |  2.0
Transmutations | |  2.0

Action                   |  1- 3 |  4- 6 |  7- 9 || total
-------------------------+-------+-------+-------++-------
Melee: Unarmed           |    92 |   104 |     8 ||   204
       Constrict         |    21 |    39 |     6 ||    66
       Kick              |    20 |     4 |       ||    24
       Tentacles         |    11 |    21 |     5 ||    37
       Punch             |     1 |     4 |       ||     5
       Dagger            |       |    61 |    22 ||    83
 Cast: Beastly Appendage |    15 |     6 |       ||    21
       Spider Form       |     1 |    10 |     1 ||    12
 Stab: Sleeping          |     4 |     4 |     1 ||     9
  Eat: Chunk             |     3 |    10 |     2 ||    15
Armor: Skin              |    11 |    10 |     2 ||    23
Dodge: Dodged            |    63 |   105 |    14 ||   182

Table legend:
 A = Non-vault XP
 B = Vault XP
 C = Vault XP percentage of total XP
 D = Non-vault monster count
 E = Vault monster count
 F = Vault count percentage of total count
                 A         B        C        D         E       F
            +---------+---------+-------+---------+---------+-------
      Total |     763 |      35 |   4.4 |     105 |       1 |   0.9
            +---------+---------+-------+---------+---------+-------
        D:1 |      74 |       0 |   0.0 |      34 |       0 |   0.0
        D:2 |     156 |       0 |   0.0 |      27 |       0 |   0.0
        D:3 |     202 |       0 |   0.0 |      29 |       0 |   0.0
        D:4 |      73 |      35 |  32.4 |       5 |       1 |  16.7
        D:5 |       5 |       0 |   0.0 |       1 |       0 |   0.0
        D:6 |     253 |       0 |   0.0 |       9 |       0 |   0.0
            +---------+---------+-------+---------+---------+-------
